 Dungeon Crawl Stone Soup version 0.31-a0-188-g5e087ee2ca (webtiles) character file.

Game seed: 14352444335972344807

22 qw the Shooter (level 2, -1/16 HPs)
             Began as a Deep Elf Hunter on June 23, 2023.
             Succumbed to their own poison gas
             ... on level 1 of the Dungeon.
             The game lasted 00:00:14 (648 turns).

qw the Shooter (Deep Elf Hunter)                     Turns: 648, Time: 00:00:14

Health: -1/16      AC:  3    Str:  8    XL:     2   Next: 68%
Magic:  4/4        EV: 12    Int: 13    God:
Gold:   36         SH:  0    Dex: 18    Spells: 1/1 levels left

rFire   . . .        Y - +1 shortbow
rCold   . . .        (shield currently unavailable)
rNeg    . . .        c - +0 leather armour
rPois   .            (no helmet)
rElec   .            (no cloak)
rCorr   .            (no gloves)
SInv    .            (no boots)
Will    .....        (no amulet)
Stlth   ++           (no ring)
HPRegen 0.22/turn    (no ring)
MPRegen 0.09/turn

%: no passive effects
@: lethally poisoned (-1 -> -10)
A: no striking features
a: no special abilities


You were on level 1 of the Dungeon.
You visited 1 branch of the dungeon, and saw 1 of its levels.

You collected 82 gold pieces.
You spent 46 gold pieces at shops.


   Skills:
 - Level 1.5 Fighting
 + Level 6.4 Ranged Weapons
 - Level 2.4 Dodging
 - Level 1.2 Stealth


You had one spell level left.
You didn't know any spells.
Your spell library was empty.

Inventory:

Hand Weapons
 Y - a +1 shortbow (weapon)
Armour
 c - a +0 leather armour (worn)
Potions
 f - a potion of degeneration {unknown}
 h - a potion of curing {unknown}
 i - a potion of mutation {unknown}
 k - a potion of resistance {unknown}

Dungeon Overview and Level Annotations

Branches:
Dungeon (1/15)

Altars:

Shops:
D:1 *


Message History

642 ||| READING 2 scrolls labelled ICUNLUHEFU.
The air fills with toxic fumes!
As you read the scroll labelled ICUNLUHEFU, it crumbles to dust.
It was a scroll of poison.
Done exploring.
643 ||| READING scroll labelled DIDOTA RUCSOMI.
As you read the scroll labelled DIDOTA RUCSOMI, it crumbles to dust.
It is a scroll of enchant weapon.
Your +0 shortbow glows red for a moment.
Done exploring.
644 ||| DROPPING scroll of butterflies.
You drop a scroll of butterflies.
Done exploring.
645 ||| DROPPING scroll of poison.
You drop a scroll of poison.
Done exploring.
(D) Dungeon
Where to? (* - list waypoints, ? - help)
What level of the Dungeon? (default 1, ? - help) Sorry, I don't know how to get there.
Enter note:
Enter note:
Enter note:
Enter note:
Enter note:
Enter note:
Enter note:
Enter note:
Enter note:
Enter note:
Enter note:
Enter note: Really walk into that cloud of poison gas?
You are engulfed in poison gas.
You are lethally poisoned!
Ouch! That really hurt!
You feel very sick.
647 ||| Stepping ~*~*~tactically~*~*~ (cloud).
You feel very sick.
Things that are here:
a scroll of poison; a scroll of butterflies
There is a lethal amount of poison in your body!
You die...

######## ####¤¤¤0¤0##
######## #¤¤¤¤¤¤0¤0¤#
#......# #.#¤@0#.#..#
#.####.#
#¤¤¤#0#.#..###.####.#
###¤#¤#¤##.........##.#
#¤0.#.#¤###..###.#.##..
#0#...#¤# #..# #.#.....
#.#####¤###.## #......#
#......¤##.## #######..
#########.## #........
#.## ##........


There were no monsters in sight!

Vanquished Creatures
  A bat (D:1)
  2 endoplasms (D:1)
  2 giant cockroaches (D:1)
  A goblin (D:1)
  2 hobgoblins (D:1)
  3 jackals (D:1)
  5 ball pythons (D:1)
  A frilled lizard (D:1)
  A rat (D:1)
18 creatures vanquished.

Notes
Turn   | Place    | Note
-------+----------+-------------------------------------------
     0 | D:1      | qw the Deep Elf Hunter began the quest for the Orb.
     0 | D:1      | Reached XP level 1. HP: 12/12 MP: 3/3
     0 | D:1      | 0 ||| qw: Version: 0.3-a-9-g12657ce
     0 | D:1      | 0 ||| qw: Game counter: 4410
     0 | D:1      | 0 ||| qw: Always use a shield: true
     0 | D:1      | 0 ||| qw: God list: Okawaru
     0 | D:1      | 0 ||| qw: Allow faded altars: false
     0 | D:1      | 0 ||| qw: Do Orc after D:15 true
     0 | D:1      | 0 ||| qw: Do second Lair branch before Depths: true
     0 | D:1      | 0 ||| qw: Lair rune preference: random
     0 | D:1      | 0 ||| qw: Plans: Normal
     0 | D:1      | 0 ||| PLANNING D:1-11
   108 | D:1      | Reached XP level 2. HP: 16/16 MP: 4/4
   109 | D:1      | Reached skill level 6 in Ranged Weapons
   256 | D:1      | Found Fumang's Assorted Antiques.
   262 | D:1      | 262 ||| BUYING 2 scrolls labelled ICUNLUHEFU (32 gold).
   262 | D:1      | Bought 2 scrolls labelled ICUNLUHEFU for 32 gold pieces
   262 | D:1      | 262 ||| BUYING orange potion (14 gold).
   262 | D:1      | Bought an orange potion for 14 gold pieces
   262 | D:1      | 262 ||| SHOPLISTING orange potion (14 gold, have 4).
   262 | D:1      | 262 ||| SHOPLISTING runed scarf (128 gold, have 4).
   262 | D:1      | 262 ||| SHOPLISTING scroll labelled DIDOTA RUCSOMI (16
                  | gold, have 4).
   262 | D:1      | 262 ||| SHOPLISTING scroll labelled SONO WYCVEHE (16 gold,
                  | have 4).
   635 | D:1      | 635 ||| DROPPING +6 ring of intelligence.
   636 | D:1      | 636 ||| READING scroll labelled TEIMEOV OBOUSO.
   641 | D:1      | 641 ||| READING scroll labelled YCKAPN KEFE.
   642 | D:1      | 642 ||| READING 2 scrolls labelled ICUNLUHEFU.
   643 | D:1      | 643 ||| READING scroll labelled DIDOTA RUCSOMI.
   644 | D:1      | 644 ||| DROPPING scroll of butterflies.
   645 | D:1      | 645 ||| DROPPING scroll of poison.
   646 | D:1      | HP: 3/16 [poisoned by you (poison gas)]
   647 | D:1      | 647 ||| Stepping ~*~*~tactically~*~*~ (cloud).
   647 | D:1      | HP: 1/16 [poisoned by you (poison gas)]
   648 | D:1      | Succumbed to their own poison gas

Levels and vault maps discovered:
D:1:      ebering_trefoil_3fold, layout_loops_cross, serial_shops, shop,
          hangedman_decor_points, corner_web_ring

Skill      XL: |  1  2 |
---------------+-------+-----
Ranged Weapons | 6 |  6.4
Fighting       | |  1.5
Dodging        | |  2.4
Stealth        | |  1.2

Action                     || total
---------------------------++-------
   Fire: Shortbow          ||    41
    Use: Scroll            ||     4
  Dodge: Dodged            ||     5

Table legend:
 A = Non-vault XP
 B = Vault XP
 C = Vault XP percentage of total XP
 D = Non-vault monster count
 E = Vault monster count
 F = Vault count percentage of total count
                 A         B        C        D         E       F
            +---------+---------+-------+---------+---------+-------
      Total |      32 |       0 |   0.0 |      18 |       0 |   0.0
            +---------+---------+-------+---------+---------+-------
        D:1 |      32 |       0 |   0.0 |      18 |       0 |   0.0
            +---------+---------+-------+---------+---------+-------
